 Dungeon Crawl Stone Soup version 0.20.1-1-g8b1a95d (webtiles) character file.

18 letownia2 the Grave Robber (level 2, 0/22 HPs)
             Began as a Deep Dwarf Necromancer on Nov 26, 2017.
             Was an Initiate of Gozag.
             Killed by nerve-wracking pain
             ... invoked by letownia2's ghost
              (12 damage)
             ... on level 3 of the Dungeon.
             The game lasted 00:03:43 (1233 turns).

letownia2 the Grave Robber (Deep Dwarf Necromancer) Turns: 1233, Time: 00:03:43

Health: 0/22       AC:  6    Str: 11    XL:     2   Next: 51%
Magic:  5/5        EV: 11    Int: 15    God:    Gozag
Gold:   53         SH:  0    Dex: 13    Spells: 4/5 levels left

rFire    . . .     SeeInvis .   d - +0 short sword
rCold    . . .     Gourm    .   (no shield)
rNeg     . . .     Faith    .   g - +0 ring mail
rPois    .         Spirit   .   (no helmet)
rElec    .         Reflect  .   h - +0 cloak
rCorr    .         Harm     .   (no gloves)
MR       .....                  (no boots)
Stlth    +.........             (no amulet)
Regen    0.0/turn               (no ring)
MPRegen  0.1/turn               (no ring)

@: non-regenerating
A: damage resistance, heal wounds, sense surroundings 1, no regeneration
a: Heal Wounds, Potion Petition, Call Merchant, Bribe Branch, Renounce Religion


You were on level 3 of the Dungeon.
You worshipped Gozag.
Gozag was noncommittal.
You were not hungry.

You visited 1 branch of the dungeon, and saw 3 of its levels.

You collected 80 gold pieces.
You paid 27 gold pieces to Gozag.

Inventory:

Hand Weapons
 d - a +0 short sword (weapon)
 f - a +0 spear of venom
Armour
 g - a +0 ring mail (worn)
 h - a +0 cloak (worn)
Scrolls
 e - 3 scrolls of identify {unknown}
 i - a scroll of fog {unknown}
 j - 2 scrolls of amnesia {unknown}
 l - a scroll of recharging {unknown}
 m - a scroll of blinking {unknown}
 n - a scroll of random uselessness {unknown}
 o - a scroll of enchant armour {unknown}
Potions
 a - a potion of curing {unknown}
 p - a potion of heal wounds {unknown}
Books
 b - a book of Necromancy

   Spells                             Type                      Level
   a - Pain                           Necromancy                   1
   b - Animate Skeleton               Necromancy                   1
   c - Vampiric Draining              Necromancy                   3
   d - Regeneration                   Charms/Necromancy            3
   e - Animate Dead                   Necromancy                   4
   f - Control Undead                 Necromancy                   4
Comestibles
 c - 2 bread rations
 k - a royal jelly


   Skills:
 - Level 2.1 Dodging
 - Level 2.4 Stealth
 + Level 2.4 Spellcasting
 + Level 4.6 Necromancy


You had 4 spell levels left.
You knew the following spells:

 Your Spells              Type           Power        Failure   Level  Hunger
a - Pain                  Necr           ###.         8%          1    #......


Dungeon Overview and Level Annotations

Branches:
Dungeon (3/15)

Altars:
Gozag

Annotations:
D:3 letownia2's ghost, weakling DDNe


Innate Abilities, Weirdness & Mutations

You are resistant to damage.
You can heal yourself by infusing magical energy.
You passively map a small area around you.
You do not regenerate.


Message History

You now have 52 gold pieces (gained 1).
You now have 53 gold pieces (gained 1).
j - 2 scrolls labeled DORUFANOPE (gained 1) All of the chunks of flesh in your inventory have rotted away.
k - a royal jelly Letownia2's ghost is too close now for your liking.
Found a meat ration.
Letownia2's ghost turns its malevolent gaze towards you.
Found a robe.
Found a stone staircase leading down.
Found a bread ration.
Letownia2's ghost gestures at you while chanting.
Pain shoots through your body!
Letownia2's ghost gestures at you while chanting.
Pain shoots through your body!
Letownia2's ghost points at you and mumbles some strange words.
Pain shoots through your body!
Ouch! That really hurt!
You die...
Your body crumbles into a pile of gold.

* #. #......####### * *
,#.#*##...#.# , #.###...#.#
##, #.#..W...# #.# ##.....#.#
#.###.#.#.##[# #.#.##.#.#*.#
#..###.#.##.# ##...##..@...#
##....####.#### #####.....#
#.# ########## #...#....##
#.# #........#
#.#......#####.###.######.#
#...#..............######.##
#..##....###.....####......##
#........# ##...## #.###...#
#.###....# ##.## #.# ##..#


You could see letownia2's ghost.

Vanquished Creatures
  A giant cockroach (D:2)
  2 hobgoblins (D:1)
  2 kobolds (D:1)
  3 bats
  7 frilled lizards
  5 goblins
  A rat (D:1)
21 creatures vanquished.

Notes
Turn   | Place    | Note
-------+----------+-------------------------------------------
     0 | D:1      | letownia2 the Deep Dwarf Necromancer began the quest for the Orb.
     0 | D:1      | Reached XP level 1. HP: 15/15 MP: 3/3
   353 | D:1      | Reached XP level 2. HP: 22/22 MP: 0/5
   916 | D:3      | Noticed letownia2's ghost (weakling DDNe)
   918 | D:3      | Found an opulent altar of Gozag.
  1165 | D:3      | Became a worshipper of Gozag Ym Sagoz the Greedy
  1233 | D:3      | Killed from afar by letownia2's ghost

Skill      XL: |  1 |
---------------+----+-----
Spellcasting   | 2 |  2.4
Dodging        | |  2.1
Stealth        | |  2.4
Necromancy     | |  4.6

Action                   || total
-------------------------++-------
Melee: Short sword       ||    14
       Unarmed           ||     2
 Cast: Pain              ||    34
  Eat: Chunk             ||     1
Armor: Robe              ||     6
       Ring mail         ||     2
Dodge: Dodged            ||    23
